[Event "XLII Barbera Open 2019"]
[Site "Barbera"]
[Date "2019.07.06"]
[Round "3.6"]
[White "Peralta, Fernando"]
[Black "Meessen, Rudolf"]
[Result "1-0"]
[ECO "A40"]
[WhiteElo "2562"]
[BlackElo "2269"]
[Annotator "ChessBase"]
[PlyCount "53"]
[EventDate "2019.07.04"]
[EventType "swiss"]
[EventCountry "ESP"]
[SourceTitle "playchess.com"]
[Source "ChessBase"]
[SourceQuality "1"]
[TimeControl "5400+30"]

1. d4 g6 2. c4 Bg7 3. Nf3 d6 4. Nc3 Nc6 5. d5 Ne5 6. Nxe5 Bxe5 7. e4 Nf6 8. Bd3 O-O 9. Bg5 c6 10. O-O Qb6 11. Qd2 e6 12. Kh1 exd5 13. exd5 cxd5 14. f4 Bxc3 15. bxc3 Ne4 16. Bxe4 dxe4 17. f5 Bxf5 18. Rxf5 gxf5 19. Bf6 e3 20. Qe1 Rfc8 21. Rb1 Qa6 22. Qxe3 Qxc4 23. Qg5+ Kf8 24. h3 h6 25. Qxh6+ Ke8 26. Rxb7 Rc7 27. Rxc7 1-0

[Event "XLII Barbera Open 2019"]
[Site "Barbera"]
[Date "2019.07.06"]
[Round "3.7"]
[White "Moskalenko, Viktor"]
[Black "Subramanian, Aditya"]
[Result "1-0"]
[ECO "E28"]
[WhiteElo "2500"]
[BlackElo "2198"]
[Annotator "ChessBase"]
[PlyCount "63"]
[EventDate "2019.07.04"]
[EventType "swiss"]
[EventCountry "ESP"]
[SourceTitle "playchess.com"]
[Source "ChessBase"]
[SourceQuality "1"]
[TimeControl "5400+30"]

1. d4 Nf6 2. c4 e6 3. Nc3 Bb4 4. e3 O-O 5. a3 Bxc3+ 6. bxc3 c5 7. Bd3 b6 8. e4 Bb7 9. f3 Nh5 10. Nh3 f5 11. O-O Nc6 12. exf5 exf5 13. Bg5 Qc7 14. d5 Na5 15. Be7 Nf4 16. Nxf4 Qxf4 17. Bxf8 Rxf8 18. Qe2 b5 19. cxb5 c4 20. Bc2 Bxd5 21. Rad1 Be6 22. Qd2 Qe5 23. a4 Nb3 24. Qe1 Qc7 25. f4 Qa5 26. g4 Nc5 27. gxf5 Bxf5 28. Bxf5 Rxf5 29. Rd5 Nd3 30. Qe3 Rf7 31. Rxd7 Qxc3 32. Rd8+ 1-0

[Event "XLII Barbera Open 2019"]
[Site "Barbera"]
[Date "2019.07.06"]
[Round "3.8"]
[White "Berdayes Ason, Dylan Isidro"]
[Black "Singh, S. Vikramjit"]
[Result "1/2-1/2"]
[ECO "B52"]
[WhiteElo "2461"]
[BlackElo "2164"]
[Annotator "RC"]
[PlyCount "123"]
[EventDate "2019.07.04"]
[EventType "swiss"]
[EventCountry "ESP"]
[SourceTitle "playchess.com"]
[Source "ChessBase"]
[SourceQuality "1"]
[TimeControl "5400+30"]

1. e4 c5 2. Nf3 d6 3. Bb5+ Bd7 4. Bxd7+ Qxd7 5. c4 Nf6 6. Nc3 g6 7. d4 cxd4 8. Nxd4 Bg7 9. b3 Nc6 10. Bb2 O-O 11. O-O e6 12. Rc1 Rfd8 13. Nxc6 Qxc6 14. f3 a6 15. Qe2 Rac8 16. Rfd1 Bh6 17. Rb1 Bg7 18. Kh1 Ne8 19. Rbc1 Bh6 20. Rb1 Bg7 21. Rd3 Nc7 22. Rbd1 b5 23. cxb5 Nxb5 24. Nxb5 axb5 25. Bxg7 Kxg7 26. Qb2+ Kg8 27. Qf6 h5 28. h4 Rd7 29. Kh2 Qc7 30. Kh3 Qd8 31. Qf4 Rc6 32. Qd2 Ra6 33. Rc1 Rc7 34. Rd1 Rcc6 35. Qe2 Qf6 36. Rd4 Qe5 37. Rb4 Ra5 38. Rbd4 Rca6 39. R4d2 Ra3 40. Rc1 Kg7 41. Rcc2 Qa1 42. Rb2 Qg1 43. Rbc2 Qa1 44. f4 Qf6 45. Qf2 b4 46. Kh2 R3a5 47. Rc4 Qa1 48. Rcc2 Qf6 49. g3 Qa1 50. Qe2 Qf6 51. Kg2 d5 52. exd5 exd5 53. Qe8 Re6 54. Qb8 Rb6 55. Qc7 Rab5 56. Qd7 Qe6 57. Rc7 Ra5 58. Qxe6 Rxe6 59. Rb7 Rea6 60. Kf3 Rxa2 61. Rxd5 Rc6 62. Rd3 1/2-1/2

[Event "XLII Barbera Open 2019"]
[Site "Barbera"]
[Date "2019.07.06"]
[Round "3.9"]
[White "Garcia Ramos, Daniel"]
[Black "Sreeshwan Maralakshikari"]
[Result "0-1"]
[ECO "B12"]
[WhiteElo "2336"]
[BlackElo "2461"]
[Annotator "RC"]
[PlyCount "104"]
[EventDate "2019.07.04"]
[EventType "swiss"]
[EventCountry "ESP"]
[SourceTitle "playchess.com"]
[Source "ChessBase"]
[SourceQuality "1"]
[TimeControl "5400+30"]

1. e4 c6 2. d4 d5 3. e5 Bf5 4. Nf3 e6 5. Be2 Ne7 6. O-O Nd7 7. Nbd2 c5 8. c4 Nc6 9. cxd5 exd5 10. dxc5 Nxc5 11. Nb3 Be7 12. Be3 Nxb3 13. Qxb3 Qd7 14. Rfd1 Be6 15. Nd4 O-O 16. f4 Rfc8 17. Nxe6 fxe6 18. Bg4 Kh8 19. Rac1 g6 20. a3 Kg7 21. Qd3 Bd8 22. Bh3 Ne7 23. g4 Rxc1 24. Rxc1 Rc8 25. Rf1 Nc6 26. Bg2 Bb6 27. Bxb6 axb6 28. f5 exf5 29. gxf5 gxf5 30. Rxf5 Rd8 31. Rh5 Kh8 32. e6 Qg7 33. Rxd5 Rxd5 34. Qxd5 Qxb2 35. Qd1 Qg7 36. Kh1 Qc7 37. Qa1+ Ne5 38. h3 Kg7 39. Qd4 Kf6 40. Bd5 b5 41. Qh4+ Kg7 42. Qg5+ Ng6 43. Be4 Qa5 44. Bxg6 Qe1+ 45. Kg2 Qe2+ 46. Kg3 hxg6 47. Qe7+ Kh6 48. Qf8+ Kh7 49. Qf7+ Kh6 50. Kf4 Qc4+ 51. Ke5 Qc5+ 52. Kf6 Qg5# 0-1

[Event "XLII Barbera Open 2019"]
[Site "Barbera"]
[Date "2019.07.06"]
[Round "3.10"]
[White "Ruperez, Miguel"]
[Black "Harikrishnan.A.Ra"]
[Result "1-0"]
[ECO "E12"]
[WhiteElo "2146"]
[BlackElo "2401"]
[Annotator "NA"]
[PlyCount "109"]
[EventDate "2019.07.04"]
[EventType "swiss"]
[EventCountry "ESP"]
[SourceTitle "playchess.com"]
[Source "ChessBase"]
[SourceQuality "1"]
[TimeControl "5400+30"]

1. d4 Nf6 2. c4 e6 3. Nf3 b6 4. Bf4 Bb7 5. e3 Be7 6. Nc3 Nh5 7. Bd3 Nxf4 8. exf4 g6 9. d5 Bf6 10. O-O Bxc3 11. bxc3 Qf6 12. Qd2 O-O 13. Be4 Na6 14. Ne5 Nc5 15. Bf3 d6 16. Ng4 Qg7 17. Ne3 e5 18. f5 Bc8 19. Qc2 Kh8 20. Bg4 Bd7 21. f3 Rae8 22. fxg6 Ba4 23. Qd2 hxg6 24. Bh3 f5 25. g3 Bd7 26. Nc2 f4 27. Bxd7 Qxd7 28. Nb4 Qh3 29. gxf4 Rxf4 30. Nd3 Nxd3 31. Qxd3 Ref8 32. Qe3 Rg4+ 33. Kf2 e4 34. Ke1 exf3 35. Kd2 Rg2+ 36. Rf2 Rxf2+ 37. Qxf2 Qg2 38. Rf1 Rf4 39. Kd3 Qxf2 40. Rxf2 Kg7 41. Ke3 Rxc4 42. Kxf3 Rxc3+ 43. Ke4 Rc4+ 44. Kd3 Rc1 45. Ke4 a5 46. Rg2 Kf6 47. Rf2+ Ke7 48. Rg2 Rc4+ 49. Kd3 Rh4 50. Rc2 Kd7 51. Rg2 Kc8 52. Kc3 Kb7 53. Rxg6 Rxh2 54. a4 Rh3+ 55. Kc4 1-0

[Event "XLII Barbera Open 2019"]
[Site "Barbera"]
[Date "2019.07.07"]
[Round "4.1"]
[White "Harutyunian, Tigran K."]
[Black "Sturt, Raven"]
[Result "1-0"]
[ECO "A30"]
[WhiteElo "2539"]
[BlackElo "2429"]
[Annotator "ChessBase"]
[PlyCount "98"]
[EventDate "2019.07.04"]
[EventType "swiss"]
[EventCountry "ESP"]
[SourceTitle "playchess.com"]
[Source "ChessBase"]
[SourceQuality "1"]
[TimeControl "5400+30"]

1. c4 c5 2. Nf3 Nc6 3. Nc3 g6 4. e3 Nf6 5. d4 cxd4 6. exd4 d5 7. cxd5 Nxd5 8. Qb3 Nxc3 9. Bc4 e6 10. bxc3 Bd7 11. Bd3 Na5 12. Qc2 Bg7 13. Ba3 Bf8 14. Bxf8 Kxf8 15. h4 Bc6 16. Be4 Rc8 17. h5 Bxe4 18. Qxe4 Qd5 19. Qf4 Ke7 20. O-O Qf5 21. Qh4+ f6 22. Rfe1 Qxh5 23. Qg3 Rxc3 24. d5 e5 25. Qf4 Rc4 26. Qd2 b6 27. d6+ Ke6 28. Rad1 Rc5 29. d7 Rd8 30. Re4 g5 31. g4 Qh3 32. Qd3 Ke7 33. Nxe5 Qxd3 34. Nxd3+ Kf7 35. Nxc5 bxc5 36. Rd6 Nb7 37. Rd5 a5 38. Kf1 a4 39. a3 Ra8 40. Ke2 Rd8 41. Kd3 Na5 42. Re8 Rxe8 43. dxe8=Q+ Kxe8 44. Rxc5 Nb7 45. Rc7 Nd6 46. Rxh7 Nb5 47. Rb7 Nxa3 48. Kc3 Kd8 49. Rb4 Ke8 1-0

[Event "XLII Barbera Open 2019"]
[Site "Barbera"]
[Date "2019.07.07"]
[Round "4.2"]
[White "Harikrishnan.A.Ra"]
[Black "Peralta, Fernando"]
[Result "0-1"]
[ECO "B09"]
[WhiteElo "2401"]
[BlackElo "2562"]
[Annotator "ChessBase"]
[PlyCount "66"]
[EventDate "2019.07.04"]
[EventType "swiss"]
[EventCountry "ESP"]
[SourceTitle "playchess.com"]
[Source "ChessBase"]
[SourceQuality "1"]
[TimeControl "5400+30"]

1. e4 d6 2. d4 Nf6 3. Nc3 g6 4. f4 Bg7 5. Nf3 O-O 6. e5 dxe5 7. fxe5 Nd5 8. Bc4 Nb6 9. Bb3 Nc6 10. O-O Bg4 11. Be3 Na5 12. h3 Nbc4 13. Bc1 Bxf3 14. Rxf3 c5 15. Rd3 cxd4 16. Rxd4 Qc7 17. Nd5 Qc5 18. Nxe7+ Qxe7 19. Bxc4 Bxe5 20. Re4 Bh2+ 21. Kxh2 Qxe4 22. Bd3 Qe5+ 23. Kh1 Rfe8 24. Bd2 Nc6 25. Bc3 Qf4 26. Qg1 Rad8 27. Qc5 Ne5 28. Bb5 Nf3 29. gxf3 Qxf3+ 30. Kh2 Re3 31. Rf1 Qg3+ 32. Kh1 Qxh3+ 33. Kg1 Qg4+ 0-1

[Event "XLII Barbera Open 2019"]
[Site "Barbera"]
[Date "2019.07.07"]
[Round "4.3"]
[White "Bobadilla Viera, Jorge Samuel"]
[Black "Rios, Cristhian Camilo"]
[Result "0-1"]
[ECO "A06"]
[WhiteElo "2381"]
[BlackElo "2520"]
[Annotator "ChessBase"]
[PlyCount "52"]
[EventDate "2019.07.04"]
[EventType "swiss"]
[EventCountry "ESP"]
[SourceTitle "playchess.com"]
[Source "ChessBase"]
[SourceQuality "1"]
[TimeControl "5400+30"]

1. Nf3 d5 2. g3 g6 3. Bg2 Bg7 4. d4 Nf6 5. O-O O-O 6. c4 Nc6 7. cxd5 Nxd5 8. Nc3 Nxc3 9. bxc3 e5 10. d5 Na5 11. e4 c6 12. Ba3 Re8 13. dxc6 Nxc6 14. Rb1 Qa5 15. Qc1 b6 16. Rd1 Be6 17. Bf1 Rac8 18. Nd2 Nd4 19. Rb4 Bh6 20. f4 exf4 21. Rxd4 Rxc3 22. Nc4 Rxc1 23. Bxc1 Qc5 24. gxf4 Bxc4 25. Bxc4 Rxe4 26. Ba3 Rxd4 0-1

[Event "XLII Barbera Open 2019"]
[Site "Barbera"]
[Date "2019.07.07"]
[Round "4.4"]
[White "Munoz, Miguel"]
[Black "Valenzuela Gomez, Fernando"]
[Result "1/2-1/2"]
[ECO "B20"]
[WhiteElo "2511"]
[BlackElo "2394"]
[Annotator "ChessBase"]
[PlyCount "30"]
[EventDate "2019.07.04"]
[EventType "swiss"]
[EventCountry "ESP"]
[SourceTitle "playchess.com"]
[Source "ChessBase"]
[SourceQuality "1"]
[TimeControl "5400+30"]

1. e4 c5 2. g3 Nc6 3. Bg2 g6 4. Ne2 Bg7 5. c3 e5 6. d3 d6 7. Be3 Nf6 8. h3 O-O 9. O-O b6 10. f4 d5 11. fxe5 Nxe5 12. Bf4 Nc6 13. Bg5 dxe4 14. Nd2 h6 15. Bxf6 Bxf6 1/2-1/2

[Event "XLII Barbera Open 2019"]
[Site "Barbera"]
[Date "2019.07.07"]
[Round "4.5"]
[White "Leon Valdes, Jony Wilson"]
[Black "Moskalenko, Viktor"]
[Result "0-1"]
[ECO "E84"]
[WhiteElo "2364"]
[BlackElo "2500"]
[Annotator "ChessBase"]
[PlyCount "162"]
[EventDate "2019.07.04"]
[EventType "swiss"]
[EventCountry "ESP"]
[SourceTitle "playchess.com"]
[Source "ChessBase"]
[SourceQuality "1"]
[TimeControl "5400+30"]

1. d4 Nf6 2. c4 g6 3. f3 Bg7 4. e4 d6 5. Ne2 O-O 6. Nbc3 a6 7. Be3 Nc6 8. Qd2 Rb8 9. d5 Ne5 10. Ng3 h5 11. Be2 h4 12. Nf1 h3 13. g4 b5 14. cxb5 axb5 15. Ng3 c5 16. dxc6 b4 17. Nd1 Nxc6 18. Nf2 Qa5 19. O-O b3 20. Qxa5 Nxa5 21. axb3 Nxb3 22. Ra7 Nd7 23. Rb1 Bd4 24. Bxd4 Nxd4 25. Nxh3 Ne5 26. Kf2 Be6 27. Nf4 Bb3 28. Nd5 Bxd5 29. exd5 Rfc8 30. f4 Nxe2 31. fxe5 Nc3 32. Rf1 Rxb2+ 33. Kg1 Nxd5 34. exd6 Rcc2 35. Rf3 Rg2+ 36. Kf1 Rxh2 37. Kg1 exd6 38. Raxf7 Rhg2+ 39. Kh1 Rh2+ 40. Kg1 Rbg2+ 41. Kf1 Ne3+ 42. Ke1 Nc2+ 43. Kf1 Ne3+ 44. Ke1 Rg1+ 45. Nf1 Rxf1+ 46. Rxf1 Nxf1 47. Rxf1 Kg7 48. Rf4 Rh8 49. Rd4 Rd8 50. Rd5 Re8+ 51. Kf2 Re6 52. Kf3 Rf6+ 53. Kg3 Kf7 54. Kh4 Re6 55. Rd1 Kf6 56. Rf1+ Ke5 57. Re1+ Kd5 58. Rd1+ Kc6 59. Rc1+ Kd7 60. Kg5 d5 61. Kf4 Kd6 62. Ra1 Re4+ 63. Kg5 Re6 64. Kf4 Kc5 65. Ra5+ Kc4 66. Ra4+ Kb5 67. Ra8 d4 68. Rb8+ Kc4 69. Rc8+ Kb4 70. Rb8+ Kc3 71. Rc8+ Kd2 72. Ra8 d3 73. Kf3 Rf6+ 74. Kg2 Ke2 75. Re8+ Kd1 76. Kg3 Rc6 77. Kf3 d2 78. Ra8 Re6 79. Ra1+ Kc2 80. Ra2+ Kc3 81. Ra3+ Kb2 0-1

[Event "XLII Barbera Open 2019"]
[Site "Barbera"]
[Date "2019.07.07"]
[Round "4.6"]
[White "Oliva Castaneda, Kevel"]
[Black "Volkov, Dmitry V"]
[Result "1-0"]
[ECO "E90"]
[WhiteElo "2467"]
[BlackElo "2199"]
[Annotator "ChessBase"]
[PlyCount "119"]
[EventDate "2019.07.04"]
[EventType "swiss"]
[EventCountry "ESP"]
[SourceTitle "playchess.com"]
[Source "ChessBase"]
[SourceQuality "1"]
[TimeControl "5400+30"]

1. d4 Nf6 2. c4 g6 3. Nc3 Bg7 4. e4 d6 5. Nf3 O-O 6. h3 e5 7. d5 a5 8. g4 Na6 9. Be3 Nd7 10. a3 Nb6 11. Rg1 Kh8 12. h4 f5 13. g5 Qe8 14. Nd2 Nc5 15. b3 Bd7 16. Be2 Qd8 17. f3 h6 18. Qc2 f4 19. Bf2 hxg5 20. Rxg5 Kh7 21. O-O-O Bf6 22. Rg2 Nc8 23. Rh1 Ne7 24. Kb2 Rh8 25. Qd1 Kg7 26. Qg1 Rh5 27. Bxc5 dxc5 28. Qxc5 Rxh4 29. Rgh2 Rxh2 30. Rxh2 Ng8 31. Qf2 Be7 32. c5 Qf8 33. Nc4 Bxc5 34. Qh4 Qe7 35. Qh8+ Kf8 36. Nxe5 Be8 37. Rh7 Qf6 38. Rf7+ Qxf7 39. Nxf7 Bxf7 40. Nb5 c6 41. Qc3 Be3 42. Nc7 Rd8 43. Qxa5 b6 44. Qb4+ Bc5 45. Qc4 Ne7 46. b4 Bd6 47. Ne6+ Bxe6 48. dxe6 Be5+ 49. Kc1 Kg7 50. a4 Ra8 51. a5 bxa5 52. Qc5 Kf6 53. bxa5 Rd8 54. a6 Bd4 55. Qa5 Rh8 56. Bc4 Rh5 57. Qd8 Rh1+ 58. Kc2 Bc5 59. a7 Bxa7 60. Qf8+ 1-0

[Event "XLII Barbera Open 2019"]
[Site "Barbera"]
[Date "2019.07.07"]
[Round "4.7"]
[White "Sreeshwan Maralakshikari"]
[Black "Hernandez, Cristian Andres"]
[Result "1/2-1/2"]
[ECO "E47"]
[WhiteElo "2461"]
[BlackElo "2355"]
[Annotator "ChessBase"]
[PlyCount "60"]
[EventDate "2019.07.04"]
[EventType "swiss"]
[EventCountry "ESP"]
[SourceTitle "playchess.com"]
[Source "ChessBase"]
[SourceQuality "1"]
[TimeControl "5400+30"]

1. d4 Nf6 2. c4 e6 3. Nc3 Bb4 4. e3 O-O 5. Bd3 c5 6. Nf3 d5 7. cxd5 exd5 8. dxc5 Nbd7 9. Bd2 Nxc5 10. Be2 Ne6 11. O-O d4 12. exd4 Nxd4 13. Nxd4 Qxd4 14. a3 Ba5 15. b4 Bb6 16. a4 Ng4 17. Be1 Rd8 18. Qxd4 Bxd4 19. h3 Ne5 20. Rd1 Bf5 21. Nb5 Nc6 22. Bf3 Be5 23. Rxd8+ Rxd8 24. Bxc6 bxc6 25. Nxa7 Bd7 26. b5 cxb5 27. axb5 Rb8 28. Bd2 Bxb5 29. Re1 f6 30. Nxb5 Rxb5 1/2-1/2

[Event "XLII Barbera Open 2019"]
[Site "Barbera"]
[Date "2019.07.07"]
[Round "4.8"]
[White "Morales, Jhon Alexander"]
[Black "Diaz Hernandez, Heriberto"]
[Result "1-0"]
[ECO "A15"]
[WhiteElo "2422"]
[BlackElo "2353"]
[Annotator "NA"]
[PlyCount "65"]
[EventDate "2019.07.04"]
[EventType "swiss"]
[EventCountry "ESP"]
[SourceTitle "playchess.com"]
[Source "ChessBase"]
[SourceQuality "1"]
[TimeControl "5400+30"]

1. c4 Nf6 2. g3 c6 3. Nf3 d5 4. Bg2 Bg4 5. Ne5 Bf5 6. cxd5 cxd5 7. Nc3 Nc6 8. Nxc6 bxc6 9. O-O e6 10. d3 Be7 11. Qa4 Qc7 12. e4 Bg6 13. exd5 exd5 14. Nxd5 Nxd5 15. Bxd5 O-O 16. Be4 Bf6 17. Bf4 Qb6 18. Rac1 Qxb2 19. Rxc6 Rad8 20. Rc2 Rd4 21. Qc6 Qb4 22. Be3 Bxe4 23. dxe4 Rd6 24. Qc4 Qxc4 25. Rxc4 Ra6 26. a4 h5 27. Rb1 Rd8 28. Rb5 Rd1+ 29. Kg2 Ra1 30. Rc8+ Kh7 31. Rxh5+ Kg6 32. g4 R1xa4 33. Rg8 1-0

[Event "XLII Barbera Open 2019"]
[Site "Barbera"]
[Date "2019.07.07"]
[Round "4.9"]
[White "Lopez Gonzalez, Abel Fabian"]
[Black "Perez Mitjans, Orelvis"]
[Result "1-0"]
[ECO "A67"]
[WhiteElo "2355"]
[BlackElo "2416"]
[Annotator "NA"]
[PlyCount "109"]
[EventDate "2019.07.04"]
[EventType "swiss"]
[EventCountry "ESP"]
[SourceTitle "playchess.com"]
[Source "ChessBase"]
[SourceQuality "1"]
[TimeControl "5400+30"]

1. d4 Nf6 2. c4 c5 3. d5 e6 4. Nc3 exd5 5. cxd5 d6 6. e4 g6 7. f4 Bg7 8. Bb5+ Nfd7 9. Bd3 O-O 10. Nf3 Na6 11. O-O Nc7 12. a4 Na6 13. Nb5 Nf6 14. Nd2 Nb4 15. Nc4 Ng4 16. Be2 a6 17. Ncxd6 axb5 18. e5 Qh4 19. h3 Nh6 20. Nxc8 Rfxc8 21. Bxb5 Nf5 22. Bd7 Rd8 23. Bxf5 gxf5 24. d6 c4 25. b3 Rac8 26. Be3 c3 27. Rc1 Qh6 28. Qd4 Nc6 29. Qb6 Nb8 30. Rxc3 Re8 31. Rxc8 Rxc8 32. Qxb7 Qe6 33. Rd1 Bf8 34. a5 Nc6 35. a6 Nd8 36. Qb5 Rc2 37. a7 Ra2 38. Rd2 Ra1+ 39. Kh2 Qc8 40. Bd4 Ra3 41. Qc5 Qa6 42. Qc4 Qb7 43. Rd3 Ne6 44. Rg3+ Kh8 45. Bg1 Bh6 46. Rf3 Ra2 47. Bf2 Kg7 48. b4 Ra4 49. Be3 Ra3 50. Qc1 Ra2 51. Rg3+ Kf8 52. b5 f6 53. Qc6 Qxc6 54. bxc6 fxe5 55. c7 1-0

[Event "XLII Barbera Open 2019"]
[Site "Barbera"]
[Date "2019.07.07"]
[Round "4.10"]
[White "Ros Alonso, Jaume"]
[Black "Berdayes Ason, Dylan Isidro"]
[Result "0-1"]
[ECO "B66"]
[WhiteElo "2178"]
[BlackElo "2461"]
[Annotator "ChessBase"]
[PlyCount "86"]
[EventDate "2019.07.04"]
[EventType "swiss"]
[EventCountry "ESP"]
[SourceTitle "playchess.com"]
[Source "ChessBase"]
[SourceQuality "1"]
[TimeControl "5400+30"]

1. e4 c5 2. Nf3 d6 3. d4 cxd4 4. Nxd4 Nf6 5. Nc3 Nc6 6. Bg5 e6 7. Qd2 a6 8. O-O-O h6 9. Nxc6 bxc6 10. Bf4 d5 11. Qe3 Bb4 12. Kb1 O-O 13. f3 Nd7 14. e5 f6 15. exf6 Qxf6 16. Ne2 e5 17. Bg3 Rb8 18. Ka1 Bc5 19. Qc3 a5 20. f4 Bb4 21. Qe3 e4 22. c3 Bc5 23. Nd4 a4 24. a3 Rb6 25. Qd2 Ba6 26. f5 Bxd4 27. cxd4 Qxf5 28. Bxa6 Rxa6 29. Qe2 Rfa8 30. Rhf1 Qe6 31. Rc1 Nb6 32. Be5 Nc4 33. Rxc4 dxc4 34. Qxe4 c3 35. Rf2 Rb6 36. bxc3 Qb3 37. Bd6 Qxc3+ 38. Ka2 Qb3+ 39. Ka1 Rab8 40. Bb4 Rxb4 41. axb4 Qa3+ 42. Ra2 Qc3+ 43. Rb2 a3 0-1

[Event "XLII Barbera Open 2019"]
[Site "Barbera"]
[Date "2019.07.08"]
[Round "5.1"]
[White "Peralta, Fernando"]
[Black "Oliva Castaneda, Kevel"]
[Result "1/2-1/2"]
[ECO "D35"]
[WhiteElo "2562"]
[BlackElo "2467"]
[Annotator "ChessBase"]
[PlyCount "36"]
[EventDate "2019.07.04"]
[EventType "swiss"]
[EventCountry "ESP"]
[SourceTitle "playchess.com"]
[Source "ChessBase"]
[SourceQuality "1"]
[TimeControl "5400+30"]

1. d4 Nf6 2. c4 e6 3. Nc3 d5 4. cxd5 Nxd5 5. e4 Nxc3 6. bxc3 c5 7. Nf3 cxd4 8. cxd4 Bb4+ 9. Bd2 Bxd2+ 10. Qxd2 O-O 11. Bc4 b6 12. O-O Bb7 13. Rfe1 Nd7 14. Rad1 Rc8 15. Bb3 Qf6 16. Re3 Rfd8 17. Qe2 Qf4 18. h3 h6 1/2-1/2

[Event "XLII Barbera Open 2019"]
[Site "Barbera"]
[Date "2019.07.08"]
[Round "5.2"]
[White "Moskalenko, Viktor"]
[Black "Harutyunian, Tigran K."]
[Result "1-0"]
[ECO "E24"]
[WhiteElo "2500"]
[BlackElo "2539"]
[Annotator "ChessBase"]
[PlyCount "109"]
[EventDate "2019.07.04"]
[EventType "swiss"]
[EventCountry "ESP"]
[SourceTitle "playchess.com"]
[Source "ChessBase"]
[SourceQuality "1"]
[TimeControl "5400+30"]

1. d4 Nf6 2. c4 e6 3. Nc3 Bb4 4. a3 Bxc3+ 5. bxc3 d6 6. f3 c5 7. e4 Nc6 8. Be3 b6 9. Bd3 e5 10. Ne2 O-O 11. d5 Ne7 12. h4 Kh8 13. g4 Bxg4 14. fxg4 Nxg4 15. Bd2 f5 16. exf5 e4 17. Ng3 Nf6 18. Nxe4 Nxf5 19. Bg5 Qe8 20. Bxf6 Rxf6 21. Kd2 Qe5 22. Rf1 Rff8 23. Qf3 b5 24. Rae1 b4 25. axb4 cxb4 26. Qf4 Qe8 27. Ng5 bxc3+ 28. Kxc3 Qd8 29. Bxf5 Qa5+ 30. Kd4 Qc5+ 31. Kd3 Rab8 32. Qd4 Qa3+ 33. Kd2 Rxf5 34. Rxf5 Rb2+ 35. Qxb2 Qxb2+ 36. Ke3 g6 37. Rf3 Qe5+ 38. Ne4 Kg7 39. Ref1 a5 40. Rf7+ Kh6 41. Ra7 Qb2 42. Kd3 Qa2 43. Nc3 Qg2 44. Rff7 Kh5 45. Rxh7+ Kg4 46. Raf7 Qg3+ 47. Kd2 Qe5 48. Ne2 a4 49. Rf4+ Kh3 50. Rhf7 a3 51. Rf3+ Kxh4 52. Rg3 Qb2+ 53. Ke3 Qb6+ 54. Kf3 Qb3+ 55. Kg2 1-0

[Event "XLII Barbera Open 2019"]
[Site "Barbera"]
[Date "2019.07.08"]
[Round "5.3"]
[White "Rios, Cristhian Camilo"]
[Black "Lopez Gonzalez, Abel Fabian"]
[Result "1-0"]
[ECO "D30"]
[WhiteElo "2520"]
[BlackElo "2355"]
[Annotator "ChessBase"]
[PlyCount "73"]
[EventDate "2019.07.04"]
[EventType "swiss"]
[EventCountry "ESP"]
[SourceTitle "playchess.com"]
[Source "ChessBase"]
[SourceQuality "1"]
[TimeControl "5400+30"]

1. d4 d5 2. c4 e6 3. Nf3 c5 4. cxd5 exd5 5. g3 Nc6 6. Bg2 Nf6 7. O-O Be7 8. dxc5 Bxc5 9. Qc2 Bb6 10. Nc3 O-O 11. Bg5 d4 12. Na4 h6 13. Nxb6 axb6 14. Bf4 Ra5 15. Rfd1 Bf5 16. Qd2 Rd5 17. Qe1 Be4 18. Qf1 Re8 19. h3 Qe7 20. Bd2 Rc5 21. e3 Rc2 22. Nxd4 Nxd4 23. exd4 Bxg2 24. Qxg2 Ne4 25. Be3 Rxb2 26. d5 Qd7 27. Rd3 Nc5 28. Ra3 Qb5 29. Qf3 Rd8 30. Kg2 Qc4 31. Rd1 Rxa2 32. Bxc5 bxc5 33. Re3 Kf8 34. d6 Qb5 35. Re7 Qc6 36. Rd5 f6 37. Qh5 1-0

[Event "XLII Barbera Open 2019"]
[Site "Barbera"]
[Date "2019.07.08"]
[Round "5.4"]
[White "Berdayes Ason, Dylan Isidro"]
[Black "Morales, Jhon Alexander"]
[Result "1/2-1/2"]
[ECO "B90"]
[WhiteElo "2461"]
[BlackElo "2422"]
[Annotator "ChessBase"]
[PlyCount "113"]
[EventDate "2019.07.04"]
[EventType "swiss"]
[EventCountry "ESP"]
[SourceTitle "playchess.com"]
[Source "ChessBase"]
[SourceQuality "1"]
[TimeControl "5400+30"]

1. e4 c5 2. Nf3 d6 3. d4 cxd4 4. Nxd4 Nf6 5. Nc3 a6 6. Be3 Ng4 7. Bc1 Nf6 8. f3 e6 9. Be3 h5 10. Bc4 Bd7 11. Qd2 Qc7 12. Bb3 Be7 13. O-O Nc6 14. Nxc6 Bxc6 15. Rae1 h4 16. h3 b5 17. a3 Rd8 18. Qf2 Rd7 19. Rd1 Qb8 20. Rfe1 O-O 21. Rd2 Rfd8 22. Bg5 d5 23. Bxh4 dxe4 24. Rxd7 Rxd7 25. fxe4 b4 26. axb4 Qxb4 27. Kh1 Nxe4 28. Nxe4 Bxe4 29. Bxe7 Rxe7 30. Rd1 Bc6 31. Rd8+ Re8 32. Rxe8+ Bxe8 33. Qe2 a5 34. Qe5 Kf8 35. Kh2 Bd7 36. Qc7 Ke7 37. Qc4 Qd6+ 38. Kg1 Qb6+ 39. Kh1 Bc6 40. Qc3 g6 41. Kh2 Bd7 42. Bc4 Qc5 43. b3 a4 44. bxa4 Bxa4 45. Qd3 Qe5+ 46. Kh1 Qe1+ 47. Kh2 Qe5+ 48. Kh1 Bc6 49. Bb3 g5 50. Kg1 f5 51. Qd2 f4 52. Qf2 Qe4 53. Qc5+ Kf6 54. Qf8+ Kg6 55. Qg8+ Kf6 56. Qf8+ Kg6 57. Qg8+ 1/2-1/2

[Event "XLII Barbera Open 2019"]
[Site "Barbera"]
[Date "2019.07.08"]
[Round "5.5"]
[White "Hernandez, Cristian Andres"]
[Black "Munoz, Miguel"]
[Result "1/2-1/2"]
[ECO "B01"]
[WhiteElo "2355"]
[BlackElo "2511"]
[Annotator "ChessBase"]
[PlyCount "52"]
[EventDate "2019.07.04"]
[EventType "swiss"]
[EventCountry "ESP"]
[SourceTitle "playchess.com"]
[Source "ChessBase"]
[SourceQuality "1"]
[TimeControl "5400+30"]

1. e4 d5 2. exd5 Qxd5 3. Nc3 Qa5 4. d4 Nf6 5. Bd2 Bg4 6. f3 Bd7 7. Bc4 Qb6 8. Qe2 Nc6 9. d5 Nd4 10. Qd3 e5 11. O-O-O Bf5 12. Ne4 Nd7 13. c3 Nc5 14. Qe3 Nxf3 15. Nxc5 Nxd2 16. Qxe5+ Be7 17. Rxd2 Qxc5 18. Qxf5 Qxc4 19. Re2 Qxa2 20. Qe4 O-O-O 21. Qxe7 Qa1+ 22. Kc2 Rxd5 23. Re1 Qa4+ 24. Kc1 Qa1+ 25. Kc2 Qa4+ 26. Kc1 Qa1+ {[%emt 0:03:47] Kb1 Qa4} 1/2-1/2

[Event "XLII Barbera Open 2019"]
[Site "Barbera"]
[Date "2019.07.08"]
[Round "5.6"]
[White "Vergara Jofre, Felipe"]
[Black "Sreeshwan Maralakshikari"]
[Result "0-1"]
[ECO "B12"]
[WhiteElo "2332"]
[BlackElo "2461"]
[Annotator "ChessBase"]
[PlyCount "92"]
[EventDate "2019.07.04"]
[EventType "swiss"]
[EventCountry "ESP"]
[SourceTitle "playchess.com"]
[Source "ChessBase"]
[SourceQuality "1"]
[TimeControl "5400+30"]

1. e4 c6 2. d4 d5 3. e5 Bf5 4. c4 e6 5. Nc3 Nd7 6. a3 a5 7. cxd5 cxd5 8. Bb5 Ne7 9. Bg5 Qc7 10. Bxe7 Bxe7 11. Nge2 O-O 12. Rc1 Qd8 13. O-O Nb6 14. Ng3 Bg6 15. f4 Rc8 16. f5 exf5 17. Nge2 Bh5 18. Qb3 Nc4 19. Nf4 Nd2 20. Qxd5 Nxf1 21. Rxf1 Bg6 22. Qxd8 Rfxd8 23. d5 Bc5+ 24. Kh1 Kf8 25. h4 Bd4 26. h5 Bxe5 27. hxg6 hxg6 28. Nfe2 Ke7 29. g3 Rh8+ 30. Kg2 Rh6 31. Rd1 Rch8 32. Bd3 Rh2+ 33. Kf3 Bd6 34. Nb5 Bc5 35. d6+ Kd7 36. Nbd4 Kxd6 37. b4 axb4 38. axb4 Bb6 39. Bc4 Ke5 40. Rd3 g5 41. Re3+ Kf6 42. Rd3 Re8 43. g4 Rh3+ 44. Kg2 Rxd3 45. Bxd3 Bxd4 46. Nxd4 Rd8 0-1